 Dungeon Crawl Stone Soup version 0.30.1-8-g117510f58f (webtiles) character file.

Game seed: 9755302472464738924

59 wezzr the Covered (level 3, -1/29 HPs)
             Began as a Demonspawn Fighter on Sept 22, 2023.
             Slain by Sigmund
             ... wielding a +0 scythe
              (4 damage)
             ... on level 2 of the Dungeon.
             The game lasted 00:04:20 (1360 turns).

wezzr the Covered (Demonspawn Fighter)              Turns: 1360, Time: 00:04:21

Health: -1/29      AC:  6    Str: 18    XL:     3   Next: 78%
Magic:  3/3        EV:  8    Int:  9    God:
Gold:   79         SH:  0    Dex: 12    Spells: 2/2 levels left

rFire   . . .        a - +0 war axe
rCold   . . .        e - +0 kite shield
rNeg    . . .        b - +0 scale mail
rPois   .            (no helmet)
rElec   .            (no cloak)
rCorr   .            (no gloves)
SInv    .            (no boots)
Will    .....        (no amulet) Stlth
                     (no ring)
HPRegen 0.24/turn    (no ring)
MPRegen 0.08/turn

%: no passive effects
@: confused, mighty, hasted, very quick
A: demonic guardian 1
a: no special abilities


You were on level 2 of the Dungeon.
You visited 1 branch of the dungeon, and saw 2 of its levels.

You collected 79 gold pieces.

Inventory:

Hand Weapons
 a - a +0 war axe (weapon)
Armour
 b - a +0 scale mail (worn)
 c - a +0 buckler
 e - a +0 kite shield (worn)
Jewellery
 i - a ring of protection from cold
Scrolls
 f - 2 scrolls of fog {unknown}
 g - a scroll of identify {unknown}
 k - a scroll of magic mapping {unknown}
Potions
 d - a potion of might
 h - a potion of haste
 j - 2 potions of lignification {unknown}
 l - a potion of resistance {unknown}


   Skills:
 + Level 3.1 Fighting
 + Level 2.7 Axes
 + Level 3.2 Armour
 + Level 0.8 Dodging
 + Level 2.9 Shields


You had 2 spell levels left.
You didn't know any spells.
Your spell library was empty.

Dungeon Overview and Level Annotations

Branches:
Dungeon (2/15)

Altars:
Okawaru

Annotations:
D:2 Natasha, Sigmund


Innate Abilities, Weirdness & Mutations

A weak demonic guardian rushes to your aid.


Message History

You barely miss something. Something hits you!
* * * LOW HITPOINT WARNING * * *
A demonic guardian appears!
Natasha mumbles some strange words.
You closely miss something.
The kobold throws a stone.
The stone barely misses you.
The stone hits your shadow imp but does no damage.
You hear some strange, mumbled words.
A puff of flame appears from out of thin air!
The puff of flame misses you. The puff of flame hits your shadow imp!
Something hits you.
* * * LOW HITPOINT WARNING * * *
It was a potion of haste.
You feel yourself speed up.
You closely miss something.
Natasha seems less brilliant.
You hear some strange, mumbled words.
You are confused.
Something hits you.
* * * LOW HITPOINT WARNING * * *
The kobold throws a stone.
The stone hits you but does no damage.
You bump into the rock wall.
Natasha hisses.
You closely miss your shadow imp.
Your shadow imp is severely wounded.
Something hits you but does no damage.
You bump into the rock wall.
The kobold throws a stone.
The stone closely misses you.
You hear some strange, mumbled words.
You are more confused.
The kobold throws a stone.
The stone hits your shadow imp but does no damage.
Something hits you but does no damage.
The kobold throws a stone.
The stone completely misses you.
You closely miss your shadow imp.
Your shadow imp is severely wounded.
You hear a zap.
A puff of flame appears from out of thin air!
The puff of flame hits you.
* * * LOW HITPOINT WARNING * * *
Something hits you.
You die...

### ###.. # ##
#.'.. #.♣♣.#
######### #.#..
♣.P♣.## #.......#
#.#..
♣.P.5###5......#
#†#.. ♣h5.{@......#
#.#..
......5###K.......#
#.#.. ...♣♣.#
#........# #.#..
.h. #........#
#.### ...
#.#.#.#### #.#
..... #.#.#.# #.#
.###
#.#.#.#########.#
#.#.#........##.#
#.#.########.##.#


You could see Natasha, 3 cerulean imps, a kobold and a friendly shadow imp
(summoned).

Vanquished Creatures
  An adder (D:2)
  5 bats
  3 endoplasms
  A giant cockroach (D:2)
  3 goblins
  2 hobgoblins
  2 kobolds (D:2)
  A quokka (D:2)
  2 frilled lizards (D:2)
  6 rats
26 creatures vanquished.

Vanquished Creatures (collateral kills)
  Natasha (D:2)
1 creature vanquished.

Grand Total: 27 creatures vanquished

Notes
Turn   | Place    | Note
-------+----------+-------------------------------------------
     0 | D:1      | wezzr the Demonspawn Fighter began the quest for the Orb.
     0 | D:1      | Reached XP level 1. HP: 18/18 MP: 1/1
   657 | D:1      | Gained mutation: A weak demonic guardian rushes to your
                  | aid. [demonic ancestry]
   657 | D:1      | Reached XP level 2. HP: 20/24 MP: 2/2
   952 | D:2      | Found an iron altar of Okawaru.
  1119 | D:2      | Noticed Natasha
  1127 | D:2      | Killed Natasha
  1128 | D:2      | Reached XP level 3. HP: 24/29 MP: 3/3
  1334 | D:2      | Noticed Sigmund
  1335 | D:2      | Noticed Natasha
  1360 | D:2      | Slain by Sigmund

Illustrated notes

Levels and vault maps discovered:
D:1:      dpeg_arrival_subterranean_lakeside_camping, layout_basic,
          chequers_serial_rivers_small_b, minmay_misc_feat_columns
D:2:      layout_basic, ebering_ecumenical_altar_petrified, basic_altar,
          uniq_sigmund, uniq_jessica, uniq_natasha

Skill      XL: |  1 |
---------------+----+-----
Armour         | 3 |  3.2
Axes           | 2 |  2.7
Fighting       | |  3.1
Dodging        | |  0.8
Shields        | |  2.9

Action                     || total
---------------------------++-------
  Melee: War axe           ||    85
    Use: Potion            ||     2
 Armour: Scale mail        ||    49
  Dodge: Dodged            ||    36
  Block: Kite shield       ||    33
